 Dungeon Crawl Stone Soup version 0.32-a0-814-g0968bab981 (webtiles) character file.

Game seed: 16355597193913723073

309940 runemasterragnar the Fetichist (level 21, -1/165 (168) HPs)
             Began as a Coglin Hunter on Mar 23, 2024.
             Was the Champion of Okawaru.
             Slain by a vault guard
             ... wielding a +2 bardiche
              (7 damage)
             ... while paralysed by a sphinx
             ... on level 5 of the Vaults.
             The game lasted 01:25:01 (39999 turns).

runemasterragnar the Fetichist (Coglin Hunter)     Turns: 39999, Time: 01:25:01

HP:   -1/165 (168)  AC: 22    Str: 12    XL:     21   Next: 24%
MP:   28/29         EV:  2    Int: 16    God:    Okawaru [******]
Gold: 3558          SH:  0    Dex: 31    Spells: 22/28 levels left

rFire   + . .        C - +6 hand cannon of Tenacity {freeze, Will++ Dex+2}
rCold   + + .        c - +6 hand cannon (flame) {Kyoko}
rNeg    . . .        W - +10 steam dragon scales of Itsel {rPois rC- Dex+3}
rPois   +            A - +2 helmet {SInv}
rElec   .            q - scarf {repulsion}
rCorr   .            G - +2 pair of gloves of Nodi {rC+++ Will- Int+5}
SInv    +            r - +0 pair of boots
Will    +....        (amulet unavailable)
Stlth   ++++++       (ring unavailable)
HPRegen 0.47/turn    (ring unavailable)
MPRegen 0.21/turn    P - hydroneodymium encabulator {AutoDazzle, rF+ Slay+3}

%: repel missiles
@: paralysed, about to teleport, weak-willed, finesse-ful, on blink cooldown,
slowed, studying Axes, lightly drained, invisible
A: off-hand wielding, slow wielding, warmup strikes, no jewellery
}: 2/15 runes: serpentine, barnacled
a: Renounce Religion, Heroism, Finesse, Duel


You were on level 5 of the Vaults.
You worshipped Okawaru.
Okawaru was exalted by your worship.
You visited 7 branches of the dungeon, and saw 36 of its levels.
You visited 1 bazaar.
You also visited: Gauntlet and Ice Cave.

You collected 4622 gold pieces.
You spent 1064 gold pieces at shops.

Inventory:

Hand Weapons
 c - a +6 hand cannon of flaming (offhand) {Kyoko}
 u - the +4 sling of Gozag's Whim {flame, Str+6}
   (You bought it in a shop on level 5 of the Dungeon)

   Str+6:     It affects your strength (+6).
 C - the +6 hand cannon of Tenacity (weapon) {freeze, Will++ Dex+2}
   (Okawaru gifted it to you on level 5 of the Lair of Beasts)

   Dex+2:     It affects your dexterity (+2).
   Will++:    It greatly increases your willpower.
Missiles
 B - 2 throwing nets
Armour
 q - a scarf of repulsion (worn)
 r - a +0 pair of boots (worn)
 A - a +2 helmet of see invisible (worn)
 G - the +2 pair of gloves of Nodi (worn) {rC+++ Will- Int+5}
   (You found it in a Gauntlet)

   Int+5:     It affects your intelligence (+5).
   rC+++:     It renders you almost immune to cold.
   Will-:     It decreases your willpower.
 Q - the +6 scale mail "Oneghiacve" {Dex+3 SInv}
   (Okawaru gifted it to you on level 4 of the Lair of Beasts)

   Dex+3:     It affects your dexterity (+3).
   SInv:      It lets you see invisible.
 W - the +10 steam dragon scales of Itsel (worn) {rPois rC- Dex+3}
   (You found it on level 2 of the Snake Pit)

   Dex+3:     It affects your dexterity (+3).
   rC-:       It makes you vulnerable to cold.
   rPois:     It protects you from poison.
 X - the +5 ring mail of Ablo Ari {rC+ rN+}
   (You found it in an ice cave)

   rC+:       It protects you from cold.
   rN+:       It protects you from negative energy.
Gizmo
 P - a hydroneodymium encabulator (installed) {AutoDazzle, rF+ Slay+3}
   (You invented it yourself on level 4 of the Lair of Beasts)

   [hydroneodymium encabulator]

   AutoDazzle: It sometimes fires a blinding ray at enemies whose attacks you
   dodge.
   Slay+3:    It affects your accuracy & damage with ranged weapons and melee
   (+3).
   rF+:       It protects you from fire.
Talismans
 Y - the serpent talisman "Meupsivu" {rF+++ Int-5 SInv}
   (You took it off Aizul on level 3 of the Snake Pit)

   [serpent talisman]

   Int-5:     It affects your intelligence (-5).
   rF+++:     It renders you almost immune to fire.
   SInv:      It lets you see invisible.
Wands
 k - a wand of flame (20)
 s - a wand of polymorph (12)
 t - a wand of warping (19)
 x - a wand of acid (26)
 F - a wand of digging (42)
 R - a wand of mindburst (17)
Scrolls
 b - 8 scrolls of fear
 e - 5 scrolls of poison
 m - 16 scrolls of teleportation
 o - a scroll of enchant weapon
 p - a scroll of brand weapon
 y - 4 scrolls of revelation
 H - 5 scrolls of fog
 I - 7 scrolls of vulnerability
 L - a scroll of torment
 M - 2 scrolls of enchant armour
 N - a scroll of silence
 O - 3 scrolls of immolation
 S - 11 scrolls of identify
 T - 3 scrolls of amnesia
 V - a scroll of summoning
Potions
 f - 5 potions of enlightenment
 g - 9 potions of might
 h - 4 potions of attraction
 i - 3 potions of ambrosia
 j - 5 potions of berserk rage
 l - 3 potions of haste
 n - 5 potions of resistance
 v - 7 potions of brilliance
 w - a potion of invisibility
 z - 15 potions of curing
 D - 9 potions of mutation
 E - 3 potions of magic
 K - 4 potions of heal wounds
 U - 7 potions of lignification
Miscellaneous
 a - a tin of tremorstones (2/2)
 d - a phial of floods


   Skills:
 + Level 15.3 Fighting
 - Level 18.0 Ranged Weapons
 + Level 14.1 Dodging
 + Level 13.5 Stealth
 - Level 4.2 Spellcasting
 * Level 5.6 Necromancy
 - Level 5.1 Translocations
 + Level 11.3 Invocations
 + Level 18.3 Evocations


You had 22 spell levels left.
You knew the following spells:

 Your Spells              Type           Power      Damage    Failure   Level
a - Apportation           Tloc           38%        N/A       1%          1
b - Blink                 Tloc           38%        N/A       3%          2
c - Fugue of the Fallen   Necr           21%        N/A       4%          3

Your spell library contained the following spells:

 Spells                   Type           Power      Damage    Failure   Level
 Sublimation of Blood     Necr           21%        N/A       2%          2
 Kiss of Death            Conj/Necr      48%        2d9       5%          1
 Foxfire                  Conj/Fire      12%        2x1d4     17%         1
 Magic Dart               Conj           12%        1d3       17%         1
 Sting                    Conj/Alch      12%        1d3       17%         1
 Ensorcelled Hibernation  Hex/Ice        6%         N/A       26%         2
 Jinxbite                 Hex            6%         N/A       26%         2
 Mercury Vapours          Alch/Air       6%         N/A       26%         2
 Scorch                   Fire           6%         2d5       26%         2
 Inner Flame              Hex/Fire       3%         N/A       45%         3
 Passwall                 Erth           3%         N/A       45%         3
 Sigil of Binding         Hex            3%         N/A       45%         3
 Stone Arrow              Conj/Erth      6%         3d7       45%         3
 Swiftness                Air            3%         N/A       45%         3
 Anguish                  Hex/Necr       6%         N/A       45%         4
 Borgnjor's Vile Clutch   Necr/Erth      6%         N/A       82%         5
 Flame Wave               Conj/Fire      3%         2d5       86%         4
 Fulminant Prism          Conj/Alch      1%         3d5       86%         4
 Olgreb's Toxic Radiance  Alch           3%         N/A       86%         4
 Petrify                  Alch/Erth      3%         N/A       86%         4
 Sticky Flame             Fire/Alch      3%         2d4       86%         4
 Alistair's Intoxication  Alch           2%         N/A       99%         5
 Irradiate                Conj/Alch      1%         3d12      99%         5
 Lee's Rapid Deconstruct  Erth           1%         3d4*      99%         5
 Metabolic Englaciation   Hex/Ice        1%         N/A       99%         5
 Bombard                  Conj/Erth      1%         9d1       100%        6
 Eringya's Noxious Bog    Alch           1%         4d6       100%        6
 Plasma Beam              Fire/Air       1%         2x1d11    100%        6
 Starburst                Conj/Fire      1%         6d3       100%        6
 Borgnjor's Revivificati  Necr           10%        N/A       100%        8
 Lehudib's Crystal Spear  Conj/Erth      1%         10d2      100%        8
 Death's Door             Necr           10%        N/A       100%        9
 Call Imp                 Summ           Unusable   N/A       N/A         2
 Martyr's Knell           Necr/Summ      Unusable   N/A       N/A         4
 Animate Armour           Summ/Erth      Unusable   N/A       N/A         4
 Summon Blazeheart Golem  Fire/Summ      Unusable   N/A       N/A         4
 Summon Lightning Spire   Summ/Air       Unusable   N/A       N/A         4
 Death Channel            Necr           Unusable   N/A       N/A         6
 Sculpt Simulacrum        Ice/Alch       Unusable   N/A       N/A         6
 Summon Cactus Giant      Summ           Unusable   N/A       N/A         6
 Haunt                    Necr/Summ      Unusable   N/A       N/A         7

Dungeon Overview and Level Annotations

Branches:
Dungeon (15/15)            Temple (1/1) D:6            Lair (5/5) D:9
 Shoals (4/4) Lair:2        Snake (4/4) Lair:2        Slime (0/5) Lair:4
    Orc (2/2) D:11            Elf (0/3) Orc:2        Vaults (5/5) D:14
  Crypt (0/3) Vaults:2     Depths (0/4) D:15          IceCv (visited)
Gauntlet (visited)

Altars:
Ashenzari
Cheibriados
Dithmenos
Elyvilon
Fedhas
Gozag
Hepliaklqana
Kikubaaqudgha
Makhleb
Nemelex Xobeh
Okawaru
Qazlal
Ru
Sif Muna
Trog
Uskayaw
Vehumet
Wu Jian
Xom
Yredelemnul
Zin
The Shining One
Beogh
Jiyva

Shops:
D:3 =   D:5 =(   D:6 :***   D:8 !   D:12 =   D:14 !   D:15 *   Orc:2 [(*:
Shoals:2 [   Snake:1 =*   Snake:3 :=:

Portals:
Trove: D:15 (give +4 storm dragon scales)

Annotations:
D:3 Grinder
D:14 2 transporters, jasper's ghost, journeyman DsSh
Snake:4 3 runed translucent doors, grandjackal's ghost, adept DsGl
Vaults:4 3 runed translucent doors, Jesaaggu's ghost, adept MiNe


Innate Abilities, Weirdness & Mutations

You can wield a second weapon in your off-hand.
It takes a long time for you to wield or remove held weapons.
Your first few attacks do less damage.
You cannot equip rings or amulets.


Message History

Unknown command.
As you read the scroll of teleportation, it crumbles to dust.
You feel strangely unstable. The phantasmal warrior hits you!!
* * * LOW HITPOINT WARNING * * *
The golden dragon completely misses you.
Your autodazzler retaliates!
The blinding ray hits the golden dragon.
The golden dragon is blinded.
The golden dragon barely misses you. The golden dragon tramples you!
* * * LOW HITPOINT WARNING * * *
You hold your ground!
The sphinx completely misses you.
Your autodazzler retaliates!
The blinding ray hits the sphinx.
The sphinx is blinded.
The sphinx hits you.
* * * LOW HITPOINT WARNING * * *
The sphinx hits you.
* * * LOW HITPOINT WARNING * * *
The vault guard hits you with a +0 battleaxe.
* * * LOW HITPOINT WARNING * * *
You hear a shout!
Unknown command.
Okay, then.
You feel much better.
The sphinx casts a spell.
You feel yourself slow down.
A stone giant comes into view.
The phantasmal warrior completely misses you.
The vault guard barely misses you. x2
The vault guard hits you with a +0 battleaxe!
* * * LOW HITPOINT WARNING * * *
The sphinx casts a spell.
You suddenly lose the ability to move!
The phantasmal warrior hits you.
* * * LOW HITPOINT WARNING * * *
The phantasmal warrior hits you.
* * * LOW HITPOINT WARNING * * *
The shadow dragon bites you but does no damage.
The shadow dragon claws you but does no damage. x2
The vault guard barely misses you.
The vault guard hits you from afar with a +2 bardiche!
You die...

# .# ..# #..# ....#
###################....#
p.............p.pDC....#
)..p.(..)p....pHDW.....#
........)...Qppp@......#
.....).Q......pWp......#
###################....#
$..# .[# # .# # #


p You could see a shadow dragon, a golden dragon (blind, unable to see you), a
sphinx (blind, unable to see you), a stone giant (wandering, unable to see you),
a tengu reaver (repels missiles), 9 vault guards and 2 phantasmal warriors.

Vanquished Creatures
  Mara (Snake:3)
  A golden dragon (Vaults:4)
  Norris (Vaults:1)
  A lich (Vaults:2)
  2 sphinxes
  A kraken (Shoals:2)
  Polyphemus (Shoals:4)
  7 nagarajas
  2 storm dragons (Vaults:4)
  A tengu reaver (Vaults:2)
  Aizul (Snake:3)
  A rockslime (IceCv)
  2 azure jellies (IceCv)
  Ilsuiw (Shoals:4)
  6 vault wardens
  3 orc warlords
  4 quicksilver oozes (IceCv)
  14 ironbound preservers
  2 very ugly things (Vaults:2)
  5 ironbound thunderhulks
  2 stone giants
  2 formless jellyfish
  A dire elephant (Vaults:2)
  A war gargoyle (Vaults:5)
  A minotaur (Gauntlet)
  Azrael (Snake:3)
  A crystal guardian (Vaults:1)
  An ettin (Vaults:5)
  2 merfolk javelineers (Shoals:4)
  12 merfolk impalers
  4 great orbs of eyes
  7 yaktaur captains
  6 vault guards
  3 entropy weavers
  2 peacekeepers
  3 alligator snapping turtles (Shoals:4)
  7 ironbound frosthearts
  A salamander tyrant (Snake:3)
  An ogre mage (D:14)
  7 catoblepae
  4 merfolk avatars
  5 merfolk aquamancers
  4 anacondas
  5 two-headed ogres
  A satyr (Shoals:2)
  4 tengu warriors
  9 hydras
  7 boulder beetles
  10 centaur warriors
  3 death knights
  21 death yaks
  9 naga warriors
  3 shock serpents
  13 naga sharpshooters
  An orc high priest (Orc:2)
  Sonja (Lair:3)
  4 skeletal warriors
  5 salamander mystics
  12 sea snakes
  9 skysharks
  4 mana vipers
  10 lindwurms
  7 naga ritualists (Snake:4)
  27 deep trolls
  16 ironbound convokers
  An orange crystal statue (IceCv)
  3 phantasmal warriors
  2 obsidian bats (Orc:2)
  27 harpies
  6 arcanists
  A necromancer (Vaults:5)
  3 deep elf pyromancers
  37 ugly things
  A harpy (shapeshifter) (D:14)
  3 orc knights
  Maurice (D:7)
  2 oklob plants (Lair:3)
  2 fauns (shapeshifter)
  6 orc sorcerers
  14 fauns
  14 salamanders
  25 elephants
  14 merfolk sirens
  7 cyclopes
  22 manticores
  4 kobold blastminers (Orc:2)
  10 naga magi
  A black mamba (shapeshifter) (D:13)
  2 guardian serpents (Snake:4)
  12 vault sentinels
  11 water nymphs
  A gargoyle (D:10)
  24 black mambas
  Jeremiah (D:8)
  9 cane toads
  Maggie (D:6)
  4 rime drakes
  2 unseen horrors
  17 yaktaurs
  7 kobold demonologists
  8 komodo dragons
  3 tengu conjurers
  3 efreet (D:13)
  3 freezing wraiths
  2 polar bears (shapeshifter) (D:13)
  4 polar bears
  8 trolls
  11 wind drakes
  27 merfolk
  3 hornets (Gauntlet)
  A hornet (shapeshifter) (D:14)
  6 snapping turtles
  30 blink frogs
  6 dream sheep
  A centaur simulacrum (D:14)
  2 shadows
  13 water elementals
  6 wraiths
  30 slime creatures
  38 yaks
  A spriggan (D:9)
  2 wyverns
  4 fire elementals (Snake:3)
  A steam dragon (D:7)
  8 wargs
  A golden eye (shapeshifter) (D:14)
  12 vampire mosquitoes
  6 redbacks
  3 basilisks
  29 nagas
  3 acid dragons
  4 great orb of eyes simulacra (IceCv)
  16 water moccasins
  4 hell hounds (Snake:3)
  A sky beast (shapeshifter) (D:13)
  38 orc warriors
  A sky beast (D:7)
  9 black bears
  10 ogres
  12 centaurs
  9 wolves
  2 phantoms (D:5)
  5 slime creature simulacra (IceCv)
  8 kobold brigands
  17 bullfrogs
  A gnoll sergeant (D:10)
  5 scorpions
  3 glowing shapeshifter simulacra (IceCv)
  4 wights
  A hornet simulacrum (D:14)
  A jelly (D:7)
  6 killer bees (D:9)
  2 howler monkeys (D:13)
  An electric eel (Snake:3)
  5 hounds
  24 orc priests
  2 bombardier beetles
  A gnoll bouda (D:5)
  3 iguanas
  27 orc wizards
  9 adders
  6 gnolls
  2 white imps
  2 ufetubi (D:4)
  2 dart slugs
  3 ribbon worms
  106 orcs
  8 bats
  9 endoplasms
  2 giant cockroaches
  7 goblins
  9 hobgoblins
  4 jackals (D:1)
  31 kobolds
  7 quokkas
  6 ball pythons
  A frilled lizard (D:3)
  6 rats
  2 tentacles (Shoals:2)
1332 creatures vanquished.

Vanquished Creatures (others)
  A hydra (D:13)
  A black mamba (Snake:3)
  An unseen horror (D:13)
  A vampire (D:13)
  A howler monkey (D:13)
  An orc wizard (D:9)
  5 tentacles (Shoals:2)
11 creatures vanquished.

Grand Total: 1343 creatures vanquished

Notes
Turn   | Place    | Note
-------+----------+-------------------------------------------
     0 | D:1      | runemasterragnar the Coglin Hunter began the quest for the
                  | Orb.
     0 | D:1      | Reached XP level 1. HP: 16/16 MP: 1/1
    92 | D:1      | Reached skill level 1 in Stealth
   117 | D:1      | Reached XP level 2. HP: 22/22 MP: 2/2
   190 | D:1      | Found a faded altar of an unknown god.
   266 | D:1      | Reached XP level 3. HP: 27/27 MP: 3/3
   901 | D:2      | Reached XP level 4. HP: 25/34 MP: 4/4
  1521 | D:3      | Found Qij Piza's Jewellery Shoppe.
  1603 | D:3      | Noticed Grinder
  2109 | D:4      | Reached XP level 5. HP: 39/39 MP: 5/5
  2372 | D:4      | Noticed an ogre
  2378 | D:4      | Killed an ogre
  2379 | D:4      | Reached XP level 6. HP: 47/47 MP: 6/6
  2441 | D:4      | Reached skill level 5 in Ranged Weapons
  2784 | D:4      | Got the Monograph on Assaults
  2835 | D:4      | Reached XP level 7. HP: 51/52 MP: 7/7
  3079 | D:4      | Found a shadowy altar of Dithmenos.
  3451 | D:5      | Entered Level 5 of the Dungeon
  3576 | D:5      | Found Teysm's Weapon Shop.
  3747 | D:5      | Found Vegi's Jewellery Boutique.
  3921 | D:5      | Found a sparkling altar of Nemelex Xobeh.
  4011 | D:5      | Reached skill level 1 in Evocations
  4334 | D:5      | Reached XP level 8. HP: 23/60 MP: 8/8
  5042 | D:5      | Found a shimmering altar of Xom.
  5045 | D:5      | Found a radiant altar of Vehumet.
  5119 | D:6      | Noticed Maggie
  5167 | D:6      | Killed Maggie
  5194 | D:6      | Found Caap's General Store.
  5199 | D:6      | Bought a potion of degeneration for 12 gold pieces
  5255 | D:6      | Found a staircase to the Ecumenical Temple.
  5352 | Temple   | Entered the Ecumenical Temple
  5515 | D:6      | Identified the +0 leather armour of Fun and Games {rElec
                  | Str+3}
  5557 | D:6      | Reached skill level 5 in Fighting
  5643 | D:6      | Found Woxtaywk's Book Emporium.
  5666 | D:6      | Reached XP level 9. HP: 68/68 MP: 9/9
  5694 | D:6      | Found Mixt's Assorted Antiques.
  5699 | D:6      | Bought a purple potion for 19 gold pieces
  5699 | D:6      | Bought a scroll labelled LEARAEP WOAJI for 22 gold pieces
  5699 | D:6      | Bought 2 lumpy puce potions for 39 gold pieces
  5699 | D:6      | Bought a green potion for 19 gold pieces
  5725 | D:6      | Found Rudoekki's General Store.
  5753 | D:6      | Bought a scroll of revelation for 97 gold pieces
  5796 | D:7      | Noticed Maurice
  5809 | D:7      | Killed Maurice
  5931 | D:7      | Reached skill level 5 in Dodging
  6397 | D:7      | Reached skill level 5 in Evocations
  7009 | D:8      | Reached skill level 5 in Stealth
  7046 | D:8      | Noticed Jeremiah
  7071 | D:8      | Killed Jeremiah
  7154 | D:8      | Found Unnuitochi's Distillery.
  7167 | D:8      | Reached XP level 10. HP: 62/76 MP: 10/10
  7217 | D:8      | Bought a potion of curing for 39 gold pieces
  8490 | D:9      | Noticed an elephant
  8743 | D:9      | Identified a scroll of acquirement
  8743 | D:9      | Acquired 640 gold pieces
  8841 | D:5      | Bought the +4 sling of Gozag's Whim {flame, Str+6} for 423
                  | gold pieces
  9011 | D:9      | Killed an elephant
  9103 | D:9      | Found a snail-covered altar of Cheibriados.
  9281 | D:9      | Found a staircase to the Lair.
  9401 | D:9      | Found an iron altar of Okawaru.
  9412 | D:9      | Became a worshipper of Warmaster Okawaru
  9701 | D:10     | Entered Level 10 of the Dungeon
  9944 | D:10     | Noticed a gargoyle
  9951 | D:10     | Killed a gargoyle
  9979 | D:10     | Reached skill level 1 in Invocations
  9979 | D:10     | Reached XP level 11. HP: 73/84 MP: 11/11
 10063 | D:10     | Noticed a two-headed ogre
 10070 | D:10     | Killed a two-headed ogre
 10070 | D:10     | Reached * piety under Okawaru
 10219 | D:10     | Noticed a white ugly thing
 10236 | D:10     | Killed a white ugly thing
 10236 | D:10     | Reached ** piety under Okawaru
 10237 | D:10     | Reached skill level 10 in Ranged Weapons
 10487 | D:11     | Noticed a manticore
 10676 | D:11     | Noticed a cyclops
 10765 | Lair:1   | Entered Level 1 of the Lair of Beasts
 10867 | Lair:1   | Reached *** piety under Okawaru
 10900 | Lair:1   | Found a gate leading to a gauntlet.
 10909 | Gauntlet | Entered a Gauntlet
 10909 | Gauntlet | Found a large runed translucent door.
 10909 | Gauntlet | Found a large runed translucent door.
 10909 | Gauntlet | Found a large runed translucent door.
 10909 | Gauntlet | Found a large runed translucent door.
 10909 | Gauntlet | Found a large runed translucent door.
 10909 | Gauntlet | Found a large runed translucent door.
 10909 | Gauntlet | Found a runed translucent door.
 10909 | Gauntlet | Found a transporter.
 10909 | Gauntlet | Found a transporter.
 10909 | Gauntlet | Found a runed translucent door.
 10909 | Gauntlet | Found a large runed translucent door.
 10909 | Gauntlet | Found a large runed translucent door.
 10909 | Gauntlet | Found a large runed translucent door.
 10909 | Gauntlet | Found a large runed translucent door.
 10909 | Gauntlet | Found a large runed translucent door.
 10909 | Gauntlet | Found a large runed translucent door.
 10913 | Gauntlet | Noticed an oklob plant
 10914 | Gauntlet | Found a transporter.
 10929 | Gauntlet | Found a transporter.
 10945 | Gauntlet | Found a transporter.
 10959 | Gauntlet | Found a transporter.
 10967 | Gauntlet | Noticed a fire crab
 10976 | Gauntlet | Found a transporter.
 11039 | Gauntlet | Found a large runed translucent door.
 11039 | Gauntlet | Found a large runed translucent door.
 11040 | Gauntlet | Found a runed translucent gate.
 11040 | Gauntlet | Found a runed translucent gate.
 11040 | Gauntlet | Found a runed translucent gate.
 11042 | Gauntlet | Found a transporter.
 11049 | Gauntlet | Noticed a tengu warrior
 11052 | Gauntlet | Found a large runed translucent door.
 11053 | Gauntlet | Found a large runed translucent door.
 11057 | Gauntlet | Found a transporter.
 11071 | Gauntlet | Found a transporter.
 11084 | Gauntlet | Found a transporter.
 11088 | Gauntlet | Noticed a death yak
 11088 | Gauntlet | Noticed a death yak
 11088 | Gauntlet | Noticed a death yak
 11090 | Gauntlet | Noticed a death yak
 11091 | Gauntlet | Noticed a death yak
 11096 | Gauntlet | Noticed a death yak
 11100 | Gauntlet | Found a transporter.
 11185 | Gauntlet | Found a transporter.
 11187 | Gauntlet | Noticed a worldbinder
 11194 | Gauntlet | Found a transporter.
 11195 | Gauntlet | Found a transporter.
 11196 | Gauntlet | Found a transporter.
 11230 | Gauntlet | Learned a level 1 spell: Apportation
 11357 | Gauntlet | Killed a tengu warrior
 11369 | Gauntlet | Identified the +2 pair of gloves of Nodi {rC+++ Will-
                  | Int+5}
 11409 | Gauntlet | Paralysed by a hornet for 2 turns
 11441 | Gauntlet | Paralysed by a hornet for 2 turns
 11455 | Gauntlet | Reached **** piety under Okawaru
 11759 | Gauntlet | Killed a death yak
 11940 | Gauntlet | Noticed a minotaur
 11966 | Gauntlet | Killed a minotaur
 11967 | Gauntlet | Reached XP level 12. HP: 63/92 MP: 12/14
 11976 | Gauntlet | Got the Incunabulum of Generated Ensorcelling
 12485 | Lair:1   | Reached ***** piety under Okawaru
 13214 | Lair:2   | Found a staircase to the Snake Pit.
 13301 | Lair:2   | Noticed a seven-headed hydra
 13309 | Lair:2   | Killed a seven-headed hydra
 13337 | Lair:2   | Found a staircase to the Shoals.
 13505 | Lair:2   | Received a gift from Okawaru
 13826 | Lair:2   | Reached skill level 10 in Evocations
 14244 | Lair:3   | Noticed an eight-headed hydra
 14249 | Lair:3   | Killed an eight-headed hydra
 14250 | Lair:3   | Reached XP level 13. HP: 101/101 MP: 16/16
 14610 | Lair:3   | Noticed Sonja
 14618 | Lair:3   | Killed Sonja
 14618 | Lair:3   | Received a gift from Okawaru
 14790 | Lair:3   | Found a blossoming altar of Fedhas.
 15609 | Lair:4   | Found a viscous altar of Jiyva.
 15610 | Lair:4   | Found a staircase to the Slime Pits.
 15697 | Lair:4   | Reached skill level 5 in Invocations
 15905 | Lair:4   | Reached ****** piety under Okawaru
 16117 | Lair:4   | Received a gift from Okawaru
 16960 | Lair:5   | Entered Level 5 of the Lair of Beasts
 17202 | Lair:5   | Acquired the +6 hand cannon of Tenacity {freeze, Will++
                  | Dex+2}
 17202 | Lair:5   | Received a gift from Okawaru
 17270 | Lair:5   | Received a gift from Okawaru
 17271 | Lair:5   | Reached skill level 10 in Fighting
 17271 | Lair:5   | Reached XP level 14. HP: 110/110 MP: 18/18
 17299 | Lair:4   | Acquired a hydroneodymium encabulator {AutoDazzle, rF+
                  | Slay+3}
 17302 | Lair:4   | Acquired the +6 scale mail "Oneghiacve" {Dex+3 SInv}
 17302 | Lair:4   | Received a gift from Okawaru
 17919 | D:11     | Found a roughly hewn altar of Beogh.
 17919 | D:11     | Found a staircase to the Orcish Mines.
 18175 | D:12     | Found Ramyanot's Jewellery Shoppe.
 18195 | D:12     | Received a gift from Okawaru
 18900 | D:13     | Received a gift from Okawaru
 19307 | D:13     | Received a gift from Okawaru
 19495 | D:13     | Reached skill level 10 in Dodging
 19587 | D:13     | Reached XP level 15. HP: 117/117 MP: 19/19
 19783 | Orc:1    | Entered Level 1 of the Orcish Mines
 19787 | Orc:1    | Noticed an orc warlord
 19798 | Orc:1    | Killed an orc warlord
 19814 | Orc:1    | Noticed an orc warlord
 19818 | Orc:1    | Killed an orc warlord
 19911 | Orc:1    | Found a roughly hewn altar of Beogh.
 20146 | Orc:1    | Received a gift from Okawaru
 20311 | Orc:2    | Entered Level 2 of the Orcish Mines
 20474 | Orc:2    | Noticed an orc warlord
 20480 | Orc:2    | Killed an orc warlord
 20513 | Orc:2    | Found Herawna's Antique Weapon Boutique.
 20514 | Orc:2    | Found a roughly hewn altar of Beogh.
 20517 | Orc:2    | Found Hasitod's Antique Armour Shop.
 20673 | Orc:2    | Found a roughly hewn altar of Beogh.
 20678 | Orc:2    | Found Goostrask's Assorted Antiques.
 20683 | Orc:2    | Bought a scroll of identify for 72 gold pieces
 20910 | Orc:2    | Found a staircase to the Elven Halls.
 21118 | Orc:2    | Found a roughly hewn altar of Beogh.
 21123 | Orc:2    | Received a gift from Okawaru
 21129 | Orc:2    | Found Puycosex's Book Boutique.
 21208 | Orc:2    | Found a roughly hewn altar of Beogh.
 21258 | Orc:2    | Found a roughly hewn altar of Beogh.
 21565 | Lair:4   | Reached skill level 10 in Stealth
 22037 | Lair:5   | Received a gift from Okawaru
 22511 | Lair:5   | Reached XP level 16. HP: 127/127 MP: 21/21
 23802 | D:13     | Reached skill level 15 in Ranged Weapons
 24174 | D:13     | Received a gift from Okawaru
 24363 | D:14     | Identified the +0 robe of Courage {-Tele Int+5 Stlth+}
 24399 | D:14     | Found a transporter.
 24417 | D:14     | Noticed jasper's ghost (journeyman DsSh)
 24431 | D:14     | Found a transporter.
 24584 | D:14     | Found a gate to the Vaults.
 24650 | D:14     | Found Genavainn's Distillery.
 24665 | D:14     | Bought a potion of heal wounds for 70 gold pieces
 24665 | D:14     | Bought a potion of heal wounds for 70 gold pieces
 24696 | D:14     | Found a blossoming altar of Fedhas.
 24898 | D:14     | Received a gift from Okawaru
 25186 | D:15     | Entered Level 15 of the Dungeon
 25186 | D:15     | Found Kushyeg's General Store.
 25190 | D:15     | Bought a scroll of identify for 26 gold pieces
 25190 | D:15     | Bought a wand of warping (5) for 156 gold pieces
 25193 | D:15     | Found a portal to a secret trove of treasure.
 25951 | D:15     | Found a staircase to the Depths.
 26719 | Shoals:1 | Entered Level 1 of the Shoals
 26746 | Snake:1  | Entered Level 1 of the Snake Pit
 26910 | Snake:1  | Reached XP level 17. HP: 112/135 MP: 23/23
 27141 | Snake:1  | Received a gift from Okawaru
 27428 | Snake:1  | Found Xemm's Jewellery Shop.
 27432 | Snake:1  | Found Adufis's Assorted Antiques.
 28003 | Snake:2  | Identified the +10 steam dragon scales of Itsel {rPois rC-
                  | Dex+3}
 28226 | Snake:2  | Received a gift from Okawaru
 28239 | Snake:2  | Reached skill level 15 in Evocations
 28666 | Snake:3  | Found a glacial archway.
 28675 | IceCv    | Entered an ice cave
 28891 | IceCv    | Found a viscous altar of Jiyva.
 28902 | IceCv    | Received a gift from Okawaru
 29093 | IceCv    | Identified the +5 ring mail of Ablo Ari {rC+ rN+}
 29136 | Snake:3  | Identified the +5 falchion of Ocsug Moll {venom, Str+5}
 29436 | Snake:3  | Noticed Azrael
 29444 | Snake:3  | Killed Azrael
 29464 | Snake:3  | Noticed Mara
 29472 | Snake:3  | Killed Mara
 29991 | Snake:3  | Found Kocylodio's Book Emporium.
 29993 | Snake:3  | Found Rannuitu's Jewellery Boutique.
 29996 | Snake:3  | Found Inkaluiq's Book Emporium.
 30087 | Snake:3  | Identified the serpent talisman "Meupsivu" {rF+++ Int-5
                  | SInv}
 30087 | Snake:3  | Noticed Aizul
 30094 | Snake:3  | Killed Aizul
 30181 | Snake:4  | Entered Level 4 of the Snake Pit
 30256 | Snake:4  | Received a gift from Okawaru
 30285 | Snake:4  | Found a shimmering altar of Xom.
 30327 | Snake:4  | Found a runed translucent gate.
 30327 | Snake:4  | Found a runed translucent gate.
 30327 | Snake:4  | Found a runed translucent gate.
 30328 | Snake:4  | Noticed grandjackal's ghost (adept DsGl)
 30470 | Snake:4  | Reached XP level 18. HP: 107/143 MP: 18/24
 30504 | Snake:4  | Received a gift from Okawaru
 30770 | Snake:4  | Got a serpentine rune of Zot
 30859 | Snake:4  | Received a gift from Okawaru
 31875 | Shoals:2 | Found Winkelried's Dragon-Slaying Spoils.
 31937 | Shoals:2 | Received a gift from Okawaru
 32765 | Shoals:3 | Received a gift from Okawaru
 32830 | Shoals:3 | Reached XP level 19. HP: 81/151 MP: 26/26
 32831 | Shoals:3 | Reached skill level 10 in Invocations
 33484 | Shoals:4 | Entered Level 4 of the Shoals
 33484 | Shoals:4 | Noticed Polyphemus
 33536 | Shoals:4 | Received a gift from Okawaru
 33562 | Shoals:4 | Got a barnacled rune of Zot
 33903 | Shoals:4 | Killed Polyphemus
 34026 | Shoals:4 | Received a gift from Okawaru
 34175 | Shoals:4 | Learned a level 2 spell: Blink
 34280 | Shoals:4 | Noticed Ilsuiw
 34288 | Shoals:4 | Killed Ilsuiw
 34811 | Shoals:4 | Received a gift from Okawaru
 34812 | Shoals:4 | Reached skill level 1 in Translocations
 34860 | Shoals:4 | Reached skill level 1 in Spellcasting
 34947 | Shoals:4 | Identified the staff "Buziumadi" {Dex+4 Conj}
 35193 | Vaults:1 | Entered Level 1 of the Vaults
 35203 | Vaults:1 | Found a flickering gateway to a bazaar.
 35214 | Bazaar   | Entered a bazaar
 35218 | Bazaar   | Found Xackaudo's Jewellery Boutique.
 35241 | Bazaar   | Found Qeesehi's Antique Armour Emporium.
 35259 | Bazaar   | Found Guigut's Jewellery Boutique.
 35276 | Bazaar   | Found Owesir's Antique Armour Shoppe.
 35798 | Vaults:1 | Noticed Norris
 35809 | Vaults:1 | Killed Norris
 36564 | Vaults:1 | Reached XP level 20. HP: 149/160 MP: 27/27
 36793 | Vaults:2 | Received a gift from Okawaru
 37197 | Vaults:2 | Reached skill level 5 in Translocations
 37242 | Vaults:2 | Learned a level 3 spell: Fugue of the Fallen
 37271 | Vaults:2 | Received a gift from Okawaru
 37382 | Vaults:2 | Found a staircase to the Crypt.
 37885 | Vaults:3 | Reached skill level 1 in Necromancy
 38791 | Vaults:3 | Reached skill level 15 in Fighting
 39172 | Vaults:4 | Received a gift from Okawaru
 39501 | Vaults:4 | Reached XP level 21. HP: 168/168 MP: 29/29
 39647 | Vaults:4 | Noticed a golden dragon
 39652 | Vaults:4 | Killed a golden dragon
 39653 | Vaults:4 | Reached skill level 5 in Necromancy
 39773 | Vaults:4 | Found a runed translucent gate.
 39773 | Vaults:4 | Found a runed translucent gate.
 39773 | Vaults:4 | Found an ancient bone altar of Kikubaaqudgha.
 39774 | Vaults:4 | Found a runed translucent gate.
 39774 | Vaults:4 | Noticed a dread lich
 39774 | Vaults:4 | Noticed an ancient lich
 39775 | Vaults:4 | Noticed Jesaaggu's ghost (adept MiNe)
 39943 | Vaults:5 | Entered Level 5 of the Vaults
 39960 | Vaults:5 | Received a gift from Okawaru
 39990 | Vaults:5 | Paralysed by a sphinx for 4 turns
 39994 | Vaults:5 | Noticed a golden dragon
 39997 | Vaults:5 | HP: 6/165 [vault guard/+0 battleaxe (4)]
 39998 | Vaults:5 | Paralysed by a sphinx for 3 turns
 39999 | Vaults:5 | Slain by a vault guard

Illustrated notes

Levels and vault maps discovered:
D:1:      dpeg_arrival_rooms_c, layout_basic, shapermc_ecumenical_altar_gd,
          nicolae_concentric_dashed_squares_wild, skrybe_limestone_x
D:2:      minmay_kobold_bridge, layout_loops_ring
D:3:      layout_loops_ring, serial_shops, shop, uniq_grinder
D:4:      minmay_wonky_spiral, layout_basic, minmay_ruined_shrine
D:5:      layout_loops_corners, nemelex_spade_bored_becter,
          jmf_multi_god_temple2, serial_shops, shop,
          nicolae_shop_rolling_square, amcnicky_mini_pool_medium
D:6:      layout_basic, minmay_temple_entry_nine_rooms, serial_shops, shop,
          shop, nicolae_shop_peninsula, nicolae_shop_behind_doors, uniq_maggie
D:7:      nicolae_cairo_tiling, layout_gridville, uniq_maurice
D:8:      layout_loops_ring, serial_shops,
          nicolae_shop_temple_entry_statues_fountains, uniq_jeremiah
D:9:      layout_roguey, mainiacjoe_overflow_chevrons,
          mainiacjoe_overflow_small_starburst, grunt_lair_entry_orc_guard_hut,
          the_hattery
D:10:     cheibrodos_barr_body, layout_irregular_city
D:11:     layout_cave_pools, david_orc_5, lightli_orcish_oven
D:12:     layout_loops_ring, serial_shops, nicolae_shop_tiny_glass
D:13:     nzn_winding_woodlands_stair_cross [nzn_winding_woodlands_5x15_crooked,
          nzn_winding_woodlands_center_garden,
          nzn_winding_woodlands_5x15_pockets, nzn_winding_woodlands_5x5_cross,
          nzn_winding_woodlands_5x5_checkerboard,
          nzn_winding_woodlands_5x15_lazy_stream,
          nzn_winding_woodlands_center_lodge,
          nzn_winding_woodlands_5x15_default], layout_cross,
          minmay_increasing_density
D:14:     layout_loops_ring, david_vaults_2, serial_shops, shop_coins,
          fedhas_altar_3, nzn_ghost_randoct, st_stairs_14, minmay_misc_feat_room
D:15:     grunt_enter_depths_snipers, layout_irregular_city, serial_shops,
          nicolae_shop_hallway_stairs, nicolae_trove_entry_free_sample,
          minmay_misc_feat_square
Temple:   sentei_temple_godly_chess
Lair:1:   layout_gridlike, gauntlet_entry_generic, lemuel_fruit_fields
Lair:2:   beast_lair_carwin_large_1, layout_small_grid, shoals_dummy_entry,
          guppyfry_snake_entry_garden
Lair:3:   layout_layer_cave, hangedman_tree_tricks, roderic_carrion_pond,
          grunt_forest_small_clearing_treed, uniq_sonja
Lair:4:   layout_cave_pods, slime_entry_1, serial_rivers,
          chequers_serial_rivers_micro_b, chequers_serial_rivers_large_b,
          chequers_serial_rivers_room_b, chequers_serial_rivers_marsh
Lair:5:   evilmike_catoblepas_cave, layout_regular_city, lemuel_fruit_tree,
          grunt_megastairs_1, serial_bayou_shore_b
Shoals:1: layout_shoals
Shoals:2: layout_shoals, nicolae_shop_dragon_depot
Shoals:3: cheibrodos_shoals_roost, layout_shoals
Shoals:4: shoals_end_simple, layout_shoals, shoals_ilsuiw_alternative,
          uniq_polyphemus
Snake:1:  layout_cave_shapes, minmay_shoptagon, serial_bayou_shore_b
Snake:2:  layout_onion, nicolae_snake_gridmaze_swirls,
          nicolae_snake_salamander_stairs, grunt_megastairs_2
Snake:3:  layout_grid_shapes, portal_ice_cave_entry_pillars_four,
          serial_bayou_ford_a, nicolae_integral_box, minmay_shop_grove,
          uniq_mara, uniq_aizul, uniq_azrael
Snake:4:  snake_pit, layout_onion_interference, gammafunk_ghost_necromancy,
          basic_altar
Orc:1:    layout_caves, basic_altar
Orc:2:    grunt_orc_community_town_hall, layout_diamond_mine,
          grunt_orc_community_big_house_2, grunt_orc_community_big_house_2,
          grunt_orc_community_house_2, grunt_orc_community_house_2,
          grunt_orc_community_house_1, grunt_orc_community_house_3,
          grunt_orc_community_house_3, grunt_orc_community_house_1
Vaults:1: hangedman_vaults_slice, ontoclasm_vaults_hangar,
          hangedman_vaults_corner, nicolae_vaults_sightless_eye,
          hangedman_vaults_snaps, nicolae_vaults_trapezoid_2,
          ontoclasm_vaults_eye, vaults_mumra_hexcomb,
          ontoclasm_vaults_claustrophobia, layout_vaults_chaotic_city,
          serial_shops, bzr_entry_lakeside, uniq_norris
Vaults:2: nicolae_vaults_network_s, vaults_room_octagon, v_misc_1, st_check,
          nicolae_vaults_closet_pinwheel_4, vaults_mumra_minichess,
          nicolae_vaults_angled_halls, vaults_room_ringed_pool,
          nicolae_vaults_trapezoid_2, ontoclasm_vaults_ligature, v_misc_22,
          nicolae_vaults_variable_pillar_hall, layout_vaults_omnibox,
          minmay_crypt_entry_nasty_monster
Vaults:3: nicolae_vaults_rhombus_7, nicolae_vaults_stairing_the_circle,
          nicolae_vaults_network_barrier, ontoclasm_vaults_fault,
          hangedman_vaults_hat, vaults_dpeg_emergency_exit,
          ontoclasm_vaults_tryst, layout_vaults_omnigrid
Vaults:4: gammafunk_ghost_crypt, nicolae_vaults_yaktaur_gun_rack, v_misc_12,
          grunt_vaults_swirl, nicolae_vaults_tangram_2, v_misc_18,
          ontoclasm_vaults_ring_small, nicolae_vaults_shipping_containers_5,
          hangedman_vaults_cutoff, nicolae_vaults_layer_cake_slice,
          layout_vaults_ring
Vaults:5: uniq_saint_roka

Skill      XL: |  1  2  3  4  5  6  7  8  9 10 11 12 13 14 15 16 17 18 19 20 21 |
---------------+----------------------------------------------------------------+-----
Stealth        | 1 2 3 4 5 6 7 8 9 10 11 12 13 | 13.5
Dodging        | 2 3 4 5 6 7 8 9 10 11 12 13 14 | 14.1
Ranged Weapons | 4 5 6 7 8 9 10 11 12 13 14 15 16 17 18 | 18.0
Fighting       | 3 4 5 6 7 8 9 10 11 12 13 14 15 | 15.3
Evocations     | 2 4 5 7 9 10 11 12 13 14 15 16 17 18 | 18.3
Invocations    | 1 3 4 5 6 7 8 9 10 11 | 11.3
Translocations | 3 5 |  5.1
Spellcasting   | 2 4 |  4.2
Necromancy     | 4 5 |  5.6

Action                     |  1- 3 |  4- 6 |  7- 9 | 10-12 | 13-15 | 16-18 | 19-21 || total
---------------------------+-------+-------+-------+-------+-------+-------+-------++-------
  Melee: Sling             |       |       |       |     6 |       |       |       ||     6
   Fire: Sling             |   146 |   310 |   652 |  1452 |  1308 |   982 |   421 ||  5271
         Hand cannon       |       |       |       |       |   620 |   982 |  1107 ||  2709
   Cast: Blink             |       |       |       |       |       |       |     1 ||     1
 Invoke: Heroism           |       |       |       |     2 |     6 |     7 |     4 ||    19
         Receive Weapon    |       |       |       |       |     1 |       |       ||     1
         Finesse           |       |       |       |       |     4 |     7 |     6 ||    17
         Receive Armour    |       |       |       |       |     1 |       |       ||     1
Ability: Invent Gizmo      |       |       |       |       |     1 |       |       ||     1
  Evoke: Wand              |       |       |    11 |    19 |     5 |     3 |     4 ||    42
    Use: Scroll            |       |     5 |     5 |    11 |     9 |     3 |    11 ||    44
         Potion            |       |       |       |     8 |       |       |     5 ||    13
 Armour: Leather armour    |    16 |    38 |    62 |       |       |       |       ||   116
         Steam dragon scal |       |       |    24 |   188 |   189 |   187 |   172 ||   760
         Skin              |       |       |       |    85 |       |       |       ||    85
  Dodge: Dodged            |    18 |    46 |    91 |   232 |   290 |   318 |   273 ||  1268
         Repelled          |       |     1 |    11 |     9 |    18 |    48 |    21 ||   108

Table legend: (Time is in decaauts)
 A = Elapsed time spent in this place.
 B = Non-inter-level travel time spent in this place.
 C = Inter-level travel time spent in this place.
 D = Time resting spent in this place.
 E = Time spent auto-exploring this place.
 F = Levels seen in this place.
 G = Mean time per level.
                   A        B        C        D        E       F      G
               +--------+--------+--------+--------+--------+-----+--------+
         Total |  39952 |  37097 |   2855 |   4936 |  25190 |  39 | 1024.4 |
       Dungeon |  15948 |  14541 |   1407 |   2142 |   9878 |  15 | 1063.2 |
        Temple |      3 |      1 |      2 |      0 |      0 |   1 |    3.0 |
          Lair |   8132 |   7320 |    812 |   1602 |   4409 |   5 | 1626.4 |
        Shoals |   4190 |   3992 |    198 |    561 |   2632 |   4 | 1047.5 |
     Snake Pit |   3753 |   3521 |    232 |    191 |   2830 |   4 |  938.2 |
  Orcish Mines |   1494 |   1427 |     67 |      0 |   1140 |   2 |  747.0 |
        Vaults |   4672 |   4537 |    135 |     83 |   3726 |   5 |  934.4 |
        Bazaar |     94 |     94 |      0 |      0 |      0 |   1 |   94.0 |
      Ice Cave |    448 |    448 |      0 |      0 |    297 |   1 |  448.0 |
      Gauntlet |   1214 |   1214 |      0 |    356 |    275 |   1 | 1214.0 |
               +--------+--------+--------+--------+--------+-----+--------+

Top non-repeatable levels by time:
  Lair:5: 2166 daAuts
  Lair:4: 2056 daAuts
     D:5: 1745 daAuts
     D:8: 1461 daAuts
  Lair:3: 1447 daAuts
     D:4: 1403 daAuts
    D:13: 1389 daAuts
    D:15: 1370 daAuts
Vaults:1: 1334 daAuts
Shoals:3: 1319 daAuts
     D:7: 1306 daAuts
  Lair:1: 1236 daAuts
  Lair:2: 1225 daAuts
Gauntlet: 1214 daAuts
Shoals:4: 1208 daAuts
